 Dungeon Crawl Stone Soup version 0.31-a0-229-g1fc7ce93e2 (webtiles) character file.

Game seed: 82852579438992505

495 qw the Shooter (level 6, -2/51 HPs)
             Began as a Minotaur Hexslinger on July 6, 2023.
             Slain by an orc
             ... wielding a +4 hand axe
              (3 damage)
             ... on level 4 of the Dungeon.
             The game lasted 00:01:05 (2624 turns).

qw the Shooter (Minotaur Hexslinger)                Turns: 2624, Time: 00:01:06

Health: -2/51      AC:  6    Str: 12    XL:     6   Next: 92%
Magic:  6/6        EV: 11    Int: 10    God:
Gold:   179        SH:  0    Dex: 15    Spells: 6/7 levels left

rFire   . . .        Y - +1 sling
rCold   . . .        (no shield)
rNeg    . . .        c - +0 ring mail
rPois   .            (helmet restricted)
rElec   .            (no cloak)
rCorr   .            (no gloves)
SInv    .            (no boots)
Will    .....        (no amulet)
Stlth   +            (no ring)
HPRegen 0.28/turn    (no ring)
MPRegen 0.10/turn

%: no passive effects
@: about to teleport
A: horns 2, retaliatory headbutt
a: no special abilities


You were on level 4 of the Dungeon.
You visited 1 branch of the dungeon, and saw 4 of its levels.

You collected 179 gold pieces.


Innate Abilities, Weirdness & Mutations

You have a pair of horns on your head.
You reflexively headbutt those who attack you in melee.


   Skills:
 + Level 3.6 Fighting
 - Level 6.1 Ranged Weapons
 - Level 4.6 Armour
 - Level 2.1 Dodging
 - Level 1.0 Spellcasting
 - Level 2.0 Hexes


You had 6 spell levels left.
You knew the following spells:

 Your Spells              Type           Power      Damage    Failure   Level
a - Slow                  Hex            16%        N/A       32%         1

Your spell library contained the following spells:

 Spells                   Type           Power      Damage    Failure   Level
 Inner Flame              Hex/Fire       2%         N/A       82%         3
 Portal Projectile        Hex/Tloc       4%         N/A       82%         3
 Cause Fear               Hex            2%         N/A       97%         4

Inventory:

Hand Weapons
 Y - a +1 sling (weapon)
Armour
 c - a +0 ring mail (worn)
Scrolls
 d - 2 scrolls of identify
 e - a scroll of butterflies {unknown}
 j - a scroll of teleportation
Potions
 a - a potion of heal wounds {unknown}
 b - a potion of mutation
 g - a potion of enlightenment {unknown}
 h - a potion of lignification {unknown}
 i - a potion of curing

Dungeon Overview and Level Annotations

Branches:
Dungeon (4/15)
 Temple: D:4-7

Altars:
Hepliaklqana
Vehumet

Shops:
D:1 =

Annotations:
D:4 3 runed translucent doors, qw's ghost, novice MiHs


Message History

The hound bites you but does no damage. The hound barely misses you.
The orc priest looks encouraged for a moment.
The orc misses you. The orc hits you with a +0 club.
You shoot a sling bullet. The sling bullet hits the orc!
You kill the orc!
The hound barely misses you. You furiously retaliate!
You headbutt the hound!
You kill the hound!
The orc barely misses you. You furiously retaliate!
You headbutt the orc, but do no damage. You shoot a sling bullet.
The sling bullet closely misses the orc.
The sling bullet hits the orc.
The orc is almost dead.
The orc misses you. The orc barely misses you.
You shoot a sling bullet. The sling bullet hits the orc priest.
The orc priest is moderately wounded.
The orc barely misses you. You furiously retaliate!
You headbutt the orc!
You kill the orc!
The orc closely misses you.
The orc priest hits you with a +0 hand axe.
You shoot a sling bullet.
The sling bullet barely misses the orc priest.
The orc barely misses you.
The orc priest mumbles some strange prayers to Beogh against you.
Beogh smites you!
You shoot a sling bullet.
The sling bullet closely misses the orc.
The orc hits you with a +4 hand axe. The orc hits you but does no damage.
The orc priest hits you with a +0 hand axe. x2
The orc hits you with a +0 flail of protection.
The orc hits you with a +4 hand axe.
2623 ||| READING 2 scrolls of teleportation.
As you read the scroll of teleportation, it crumbles to dust.
You feel strangely unstable. The orc barely misses you.
The orc hits you but does no damage.
The orc priest hits you with a +0 hand axe.
You shoot a sling bullet.
The sling bullet closely misses the orc.
The orc hits you with a +4 hand axe.
You die...

...........##....#
###+
...........##....#
#.(.
.................#
#...
....8#8..........#
#..(
....#:#.......[..#
#...
....8#8..........#
#.(.
#.......##.##.####
######o.#####..#
#..<..o@.......#
#.....o#####...
#.....# #.....
#..... ......
..... ....


You could see an orc priest and 2 orcs.

Vanquished Creatures
  Sigmund (D:4)
  3 hounds (D:4)
  3 iguanas
  An orc wizard (D:4)
  Robin (D:3)
  5 adders
  2 dart slugs (D:3)
  5 orcs
  7 bats
  2 endoplasms
  2 giant cockroaches
  15 goblins
  7 hobgoblins
  4 kobolds
  5 quokkas
  3 ball pythons
  3 frilled lizards
  5 rats
74 creatures vanquished.

Notes
Turn   | Place    | Note
-------+----------+-------------------------------------------
     0 | D:1      | qw the Minotaur Hexslinger began the quest for the Orb.
     0 | D:1      | Reached XP level 1. HP: 16/16 MP: 1/1
     0 | D:1      | 0 ||| qw: Version: 0.3-a-46-gb1f654a
     0 | D:1      | 0 ||| qw: Game counter: 1475
     0 | D:1      | 0 ||| qw: Melee chars always use a shield: true
     0 | D:1      | 0 ||| qw: God list: Okawaru
     0 | D:1      | 0 ||| qw: Allow faded altars: false
     0 | D:1      | 0 ||| qw: Do Orc after clearing Dungeon:15 true
     0 | D:1      | 0 ||| qw: Do second Lair branch before Depths: true
     0 | D:1      | 0 ||| qw: Lair rune preference: random
     0 | D:1      | 0 ||| qw: Goals: Normal
     0 | D:1      | 0 ||| PLANNING D:1-11
   183 | D:1      | Found Ecysk's One-of-a-Kind Rings.
   193 | D:1      | 193 ||| SHOPLISTING +2 ring of slaying (210 gold, have 17).
   193 | D:1      | 193 ||| SHOPLISTING +7 ring of evasion (660 gold, have 17).
   193 | D:1      | 193 ||| SHOPLISTING ring "Goynusas" {rPois Will+ Int+8
                  | SInv} (760 gold, have 17).
   193 | D:1      | 193 ||| SHOPLISTING ring "Neqiucs" {Contam rCorr MP+9
                  | Slay+3} (396 gold, have 17).
   193 | D:1      | 193 ||| SHOPLISTING ring "Othraorai" {Fire *Slow +Blink
                  | Stlth+} (362 gold, have 17).
   193 | D:1      | 193 ||| SHOPLISTING ring of Fames {rPois Str+4 Slay+4
                  | Stlth-} (962 gold, have 17).
   337 | D:1      | Reached skill level 3 in Ranged Weapons
   415 | D:1      | Reached XP level 2. HP: 23/23 MP: 2/2
   605 | D:1      | 605 ||| READING scroll labelled IBOASTR HOMUMYL.
   606 | D:1      | 606 ||| READING scroll labelled XOPSUTS YTHROU.
   607 | D:1      | 607 ||| READING scroll labelled GAHIRO DIQYDA.
   608 | D:1      | 608 ||| DROPPING scroll of poison.
   794 | D:2      | Found a radiant altar of Vehumet.
   931 | D:2      | Reached XP level 3. HP: 14/29 MP: 3/3
  1064 | D:2      | Reached skill level 4 in Ranged Weapons
  1095 | D:2      | 1095 ||| UPGRADING to +0 leather armour.
  1105 | D:2      | 1105 ||| DROPPING +0 robe.
  1106 | D:2      | 1106 ||| READING scroll labelled HEAGYSI ZUPNU.
  1107 | D:2      | 1107 ||| READING scroll labelled RUHOSU MORCH.
  1108 | D:2      | 1108 ||| READING scroll labelled FEFFANN ZAXU.
  1112 | D:2      | 1112 ||| DRINKING 2 bubbling orange potions.
  1303 | D:3      | Reached XP level 4. HP: 28/36 MP: 4/4
  1467 | D:3      | Found a faded altar of an unknown god.
  1524 | D:3      | Noticed Robin
  1531 | D:3      | Killed Robin
  1532 | D:3      | Reached skill level 5 in Ranged Weapons
  1879 | D:3      | 1879 ||| UPGRADING to +0 ring mail.
  1889 | D:3      | 1889 ||| DROPPING +0 leather armour.
  1890 | D:3      | 1890 ||| READING scroll labelled XOBLOMI ARAS.
  1891 | D:3      | 1891 ||| DRINKING 2 inky potions.
  1892 | D:3      | 1892 ||| READING 2 scrolls of identify.
  1892 | D:3      | 1892 ||| IDENTIFYING murky silvery potion
  1893 | D:3      | 1893 ||| DROPPING potion of attraction.
  1924 | D:4      | 1924 ||| STAIRDANCE
  2049 | D:4      | Found a faded altar of an unknown god.
  2050 | D:4      | Found a hazy altar of Hepliaklqana.
  2050 | D:4      | Noticed Sigmund
  2064 | D:4      | Killed Sigmund
  2065 | D:4      | Reached XP level 5. HP: 23/42 MP: 5/5
  2065 | D:4      | Reached XP level 6. HP: 28/50 MP: 6/6
  2178 | D:4      | Reached skill level 3 in Fighting
  2328 | D:4      | 2328 ||| FLEEEEING.
  2329 | D:4      | 2329 ||| FLEEEEING.
  2330 | D:4      | 2330 ||| FLEEEEING.
  2331 | D:4      | 2331 ||| FLEEEEING.
  2332 | D:4      | 2332 ||| FLEEEEING.
  2333 | D:4      | 2333 ||| FLEEEEING.
  2334 | D:4      | 2334 ||| FLEEEEING.
  2335 | D:4      | 2335 ||| FLEEEEING.
  2336 | D:4      | 2336 ||| FLEEEEING.
  2337 | D:4      | 2337 ||| FLEEEEING.
  2338 | D:4      | 2338 ||| FLEEEEING.
  2339 | D:4      | 2339 ||| FLEEEEING.
  2340 | D:4      | 2340 ||| FLEEEEING.
  2341 | D:4      | 2341 ||| FLEEEEING.
  2342 | D:4      | 2342 ||| FLEEEEING.
  2343 | D:4      | 2343 ||| FLEEEEING.
  2355 | D:4      | HP: 7/51 [iguana (8)]
  2356 | D:4      | 2356 ||| READING 3 scrolls of teleportation.
  2536 | D:4      | Found a runed translucent gate.
  2536 | D:4      | Found a runed translucent gate.
  2539 | D:4      | Found a runed translucent gate.
  2540 | D:4      | Noticed qw's ghost (novice MiHs)
  2614 | D:4      | Reached skill level 6 in Ranged Weapons
  2622 | D:4      | HP: 12/51 [orc/+0 flail of protection (2)]
  2623 | D:4      | 2623 ||| READING 2 scrolls of teleportation.
  2623 | D:4      | HP: 1/51 [orc priest/+0 hand axe (6)]
  2624 | D:4      | Slain by an orc

Levels and vault maps discovered:
D:1:      saegor_arrival_simple_a, layout_loops_ring, nicolae_shop_unique_rings
D:2:      layout_rooms, basic_altar
D:3:      cheibrodos_helix_gallery, layout_loops_ring,
          shapermc_ecumenical_altar_mp_urbaneastern, uniq_robin
D:4:      layout_gridville, lemuel_coloured_pillars_altar,
          beargit_hepliaklqana_dungeon_heroes, ebering_ghost_rock_garden,
          solitary_fountain, minmay_statues_item, nicolae_shop_i_like_big_books

Skill      XL: |  1  2  3  4  5  6 |
---------------+-------------------+-----
Ranged Weapons | 3 4 5 6 |  6.1
Fighting       | 2 3 |  3.6
Armour         | 4 |  4.6
Dodging        | |  2.1
Spellcasting   | |  1.0
Hexes          | |  2.0

Action                     |  1- 3 |  4- 6 || total
---------------------------+-------+-------++-------
   Fire: Sling             |    87 |   141 ||   228
    Use: Scroll            |     6 |     4 ||    10
         Potion            |     1 |     1 ||     2
 Armour: Robe              |     3 |       ||     3
         Leather armour    |     1 |    10 ||    11
         Ring mail         |       |    22 ||    22
  Dodge: Dodged            |    28 |    78 ||   106

Table legend:
 A = Non-vault XP
 B = Vault XP
 C = Vault XP percentage of total XP
 D = Non-vault monster count
 E = Vault monster count
 F = Vault count percentage of total count
                 A         B        C        D         E       F
            +---------+---------+-------+---------+---------+-------
      Total |     415 |     293 |  41.4 |      60 |      14 |  18.9
            +---------+---------+-------+---------+---------+-------
        D:1 |      15 |       0 |   0.0 |      10 |       0 |   0.0
        D:2 |      49 |       0 |   0.0 |      15 |       0 |   0.0
        D:3 |      79 |      50 |  38.8 |      18 |      13 |  41.9
        D:4 |     272 |     243 |  47.2 |      17 |       1 |   5.6
            +---------+---------+-------+---------+---------+-------
